Unix NetHack Version 5.0.0-0 post-release - last build May 10 2026 23:12:36 (d1fa5d53e341ca933230fdaa984d921c805b60aa,branch:main).

Game began 2026-05-11 07:46:11, ended 2026-05-11 09:51:45.

ArrBianca, neutral female gnomish Ranger

                       ------------------
                        ...--............
              ---       -..|....#.....-
               .|      --....{.&@@....|
              -.|      |..#.....----  |
              |<|      |........|
              |.--     --...--|--
              |..--     |...|.@.|
             --...|     +...|()(|
             |....-------...|(((|
            --.....|........|---|
            |.....--............|
            |.........----..|.....+
            ---...--.|.  |..|  ....-
              |...||.|    ..-   .....
              -----|.|   |...    ......
                   |.|   |....     .......
                   ---   --.--     --------
                          ---

ArrBianca the Lookout        St:17 Dx:10 Co:14 In:13 Wi:14 Ch:7  Neutral
Dlvl:6  $:409 HP:0(36) Pw:27(27) AC:2  Xp:5 T:1600 

Latest messages:
 You see here a pick-axe.
 "Hello, ArrBianca!  Welcome to Izchak's lighting store!"
 You see here a pick-axe.
 t - a pick-axe.
 The Woodland-elf shoots 2 elven arrows!
 You are almost hit by the 1st elven arrow.
 You are hit by the 2nd elven arrow!
 The Woodland-elf wields a runed short sword!
 The runed short sword welds itself to the Woodland-elf's hand!
 You see here 2 elven arrows.
 The water demon strikes at your displaced image and misses you!
 The Woodland-elf tries to wield an elven bow.
 The Woodland-elf's runed short sword is welded to his hand!
 Pick a monster, object or location.
 Unknown direction: 'q' (use 'h', 'j', 'k', 'l' or '.').
 &        a major demon (water demon) [seen: normal vision, infravision]
 b - a +1 crossbow (weapon in right hand).
 a - a +1 dagger (alternate weapon; not wielded).
 The water demon throws a dagger!
 You are almost hit by a dagger.
 In what direction? l
 The crossbow bolt misses the Woodland-elf.
 The Woodland-elf thrusts his runed short sword.
 The Woodland-elf misses!
 In what direction? l
 You shoot 3 crossbow bolts.
 The 1st crossbow bolt misses the Woodland-elf.
 The 2nd crossbow bolt hits the Woodland-elf.
 The 3rd crossbow bolt misses the Woodland-elf.
 The water demon swings his crossbow.
 The water demon hits!
 The water demon hits!
 The water demon misses!
 The Woodland-elf thrusts his runed short sword.
 The Woodland-elf hits!
 In what direction? l
 The crossbow bolt misses the Woodland-elf.
 The water demon swings his crossbow.
 The water demon hits!
 The water demon hits!
 The water demon bites!
 The Woodland-elf thrusts his runed short sword.
 The Woodland-elf hits!
 You die...
 Izchak looks at your corpse and sighs.
 Do you want your possessions identified? [ynq] (y) n
 Do you want to see your attributes? [ynq] (y) n
 Do you want an account of creatures vanquished? [ynaq] (y) n
 Do you want to see your conduct and achievements? [ynq] (y) n
 Do you want to see the dungeon overview? [ynq] (y) n

Inventory:
 Coins    ('$')
  $ - 409 gold pieces
 Weapons  (')')
  c - 48 +2 crossbow bolts
  d - 24 +0 crossbow bolts (in quiver pouch)
  b - a +1 crossbow (weapon in right hand)
  x - 14 +1 darts
  a - a +1 dagger (alternate weapon; not wielded)
  i - a blessed +1 orcish dagger
  G - a +0 orcish dagger
 Armor    ('[')
  h - an uncursed +0 orcish helm (being worn)
  e - a blessed +4 cloak of displacement (being worn)
  g - an uncursed +0 leather armor (being worn)
 Comestibles  ('%')
  q - an uncursed candy bar labeled "Nilla Crunchie"
  f - 6 uncursed cram rations
  m - 2 uncursed food rations
  B - 2 uncursed eggs
 Scrolls  ('?')
  s - a cursed scroll of remove curse
  v - an uncursed scroll of stinking cloud
  r - 2 uncursed scrolls of teleportation
 Spellbooks  ('+')
  k - an uncursed spellbook of detect food
 Potions  ('!')
  o - an uncursed potion of gain ability
  l - an uncursed potion of gain level
  p - an uncursed potion of healing
  J - an uncursed potion of monster detection
  j - an uncursed potion of sickness
 Rings    ('=')
  w - a cursed ring of polymorph
 Wands    ('/')
  F - a wand of speed monster (0:6)
 Tools    ('(')
  E - an uncursed sack containing 1 item
  D - a blessed oil lamp
  t - a +0 pick-axe
 Gems/Stones  ('*')
  n - 2 uncursed opals
  A - a cursed worthless piece of blue glass
  H - an uncursed worthless piece of white glass

Contents of the sack:
  an uncursed worthless piece of white glass

ArrBianca the Ranger's attributes:

Background:
 You were a Lookout, a level 5 female gnomish Ranger.
 You were neutral, on a mission for Venus
 who was opposed by Mercury (lawful) and Mars (chaotic).
 You were right-handed.
 You were in the Gnomish Mines, on level 6.
 You entered the dungeon 1600 turns ago.
 You had 160 experience points, 160 more were needed to attain level 6.

Basics:
 You had 0 out of 36 hit points.
 You had all 27 energy points (spell power).
 Your armor class was 2.
 Your wallet contained 409 zorkmids.
 Autopickup was on for '$?!/="+%' plus thrown, with exceptions.

Final Characteristics:
 Your strength was 17 (limit:18/50).
 Your dexterity was 10 (limit:18).
 Your constitution was 14 (limit:18).
 Your intelligence was 13 (limit:19).
 Your wisdom was 14 (limit:18).
 Your charisma was 7 (limit:18).

Final Status:
 You weren't hungry.
 You were unencumbered.
 You were wielding a crossbow.
 You had basic skill with crossbow.

Final Attributes:
 You were devoutly aligned.
 You had automatic searching.
 You had infravision.
 You were displaced.
 You were warded.
 You are dead.

Miscellaneous:
 You encountered 1 bones level.
 Total elapsed playing time was 22 minutes and 12 seconds.

Major events:
 Turn
    1: ArrBianca the neutral female gnomish Ranger entered the dungeon
  879: entered the Gnomish Mines
 1027: attained the rank of Lookout (level 3)
 1554: reached Mine Town
 1600: killed by a Woodland-elf

Spells:
 Name                 Level Category     Fail Retention
 detect food            2   divination   100%  76%-100%

Skills:
 Fighting Skills
   bare handed combat [Unskilled]
   riding             [Unskilled]
 Weapon Skills
   dagger             [Basic]
   knife              [Unskilled]
   axe                [Unskilled]
   pick-axe           [Unskilled]
   short sword        [Unskilled]
   morning star       [Unskilled]
   flail              [Unskilled]
   hammer             [Unskilled]
   quarterstaff       [Unskilled]
   polearms           [Unskilled]
   spear              [Unskilled]
   trident            [Unskilled]
   bow                [Unskilled]
   sling              [Unskilled]
   crossbow           [Basic]
   dart               [Unskilled]
   shuriken           [Unskilled]
   boomerang          [Unskilled]
   whip               [Unskilled]
 Spellcasting Skills
   healing spells     [Unskilled]
   divination spells  [Unskilled]
   escape spells      [Unskilled]

Voluntary challenges:
 Character rerolling was not enabled.
 You never genocided any monsters.
 You never polymorphed an object.
 You never changed form.
 You used no wishes.
Achievements:
 You entered the Gnomish Mines.
 You attained the rank of Lookout.
 You entered Minetown.
 You entered a shop.

 The Dungeons of Doom: levels 1 to 3
    Level 1:
       A fountain.
    Level 2:
       An altar to Venus.
    Level 3:
       Stairs down to The Gnomish Mines.
 The Gnomish Mines: levels 4 to 6
    Level 4:
    Level 5:
    Level 6: <- You were here.
       A lighting shop, a fountain, a grave, some trees.
       Final resting place for
          you, killed by a Woodland-elf,
          lordthingy-Sam-Hum-Mal-Law, killed by an elven arrow,
          IanCurtis-Wiz-Elf-Mal-Cha, killed by a watch captain,
          Stef75-Val-Hum-Fem-Law, killed by a bat,
          ironrat-Wiz-Hum-Mal-Neu, killed by a gnome lord.


Vanquished creatures:
  a homunculus
  5 hill orcs
  a rothe
  a monkey
 an iguana
  3 gas spores
  a hobbit
  2 hobgoblins
  4 giant rats
  a cave spider
  a gnome
  a gnome zombie
  4 geckos
  5 jackals
  a kobold
  a goblin
  2 grid bugs
  a lichen
  a kobold zombie
  5 newts
42 creatures vanquished.

No species were genocided or became extinct.

Game over:
                       ----------
                      /          \
                     /    REST    \
                    /      IN      \
                   /     PEACE      \
                  /                  \
                  |    ArrBianca     |
                  |      409 Au      |
                  |   killed by a    |
                  |   Woodland-elf   |
                  |                  |
                  |                  |
                  |       2026       |
                 *|     *  *  *      | *
        _________)/\\_//(\/(/\)/\//\/|_)_______

Goodbye ArrBianca the Ranger...

You died in The Gnomish Mines on dungeon level 6 with 1279 points,
and 409 pieces of gold, after 1600 moves.
You were level 5 with a maximum of 36 hit points when you died.

